[Event "Team 45 45 League T51"]
[Site "Internet Chess Club"]
[Date "2011.12.14"]
[Round "5"]
[White "Y-ElGhazali"]
[Black "HiddenDeath"]
[Result "0-1"]
[WhiteElo "2218"]
[BlackElo "2007"]
[Opening "English: Caro-Kann defensive system"]
[ECO "A12"]
[Time "16:21:00"]
[TimeControl "2700+45"]

1. c4 c6 2. Nf3 d5 3. b3 Bf5 4. Bb2 e6 5. g3 Nf6 6. Bg2 Be7 7. O-O h6 8. d3 O-O
9. Nbd2 Nbd7 10. Re1 a5 11. a3 Bh7 12. Qc2 Qb6 13. h3 Nh5 14. e3 Bf6 15. Bd4
Bxd4 16. exd4 Nhf6 17. c5 Qb5 18. Bf1 b6 19. cxb6 Qxb6 20. Rec1 Rfc8 21. Qc3 c5
22. dxc5 Rxc5 23. Qb2 Rac8 24. d4 Rc2 25. Rxc2 Rxc2 26. Qb1 Rxd2 27. Qe1 Rc2 28.
Rc1 Rxc1 29. Qxc1 Be4 30. Qc8+ Kh7 31. Ne5 Nxe5 32. dxe5 Nh5 33. Qc3 d4 34. Qd2
Qxb3 35. Be2 Qb1+ 36. Bf1 g6 37. Qxd4 Bd5 38. g4 Ng7 39. f3 Bxf3 40. Kf2 Bd5 41.
Qc3 Qe4 42. Be2 Qg2+ 43. Ke1 a4 44. Qe3 Qe4 45. Qc3 Qh1+ 46. Kd2 Qh2 47. Ke1 Qf4
48. Kd1 Qe4 49. Kd2 Qb1 50. Bd3 Qa2+ 51. Ke3 Qg2 52. Kd4 Qf2# {White checkmated}
0-1

[Event "Team 45 45 League T51"]
[Site "Internet Chess Club"]
[Date "2011.12.19"]
[Round "5"]
[White "chess9793"]
[Black "M-Abotreka"]
[Result "1-0"]
[WhiteElo "2118"]
[BlackElo "2125"]
[Opening "Caro-Kann: Tartakower (fantasy) variation"]
[ECO "B12"]
[Time "14:13:08"]
[TimeControl "2700+45"]

1. e4 c6 2. d4 d5 3. f3 Qb6 4. Nc3 dxe4 5. fxe4 e5 6. Nf3 exd4 7. Nxd4 Nf6 8. e5
Ng4 9. e6 Bxe6 10. Bc4 Bxc4 11. Qxg4 Bc5 12. Na4 Qa5+ 13. Bd2 Qxa4 14. Qc8+ Ke7
15. Nf5+ Kf6 16. Bc3+ Kg5 17. h4+ Kg6 18. Ne7+ {Black resigns} 1-0

[Event "Team 45 45 League T51"]
[Site "Internet Chess Club"]
[Date "2011.12.11"]
[Round "5"]
[White "frontier"]
[Black "gaibo4ever"]
[Result "0-1"]
[WhiteElo "2003"]
[BlackElo "2115"]
[Opening "English opening"]
[ECO "A16"]
[Time "19:04:27"]
[TimeControl "2700+45"]

1. c4 Nf6 2. Nc3 g6 3. g3 Bg7 4. Bg2 O-O 5. d3 c5 6. e4 Nc6 7. Nge2 a6 8. O-O
Rb8 9. a4 d6 10. h3 Ne8 11. Be3 Nd4 12. f4 Nc7 13. Rb1 b5 14. axb5 axb5 15. Nxb5
Ncxb5 16. cxb5 Nxb5 17. Qd2 Bd7 18. d4 Nxd4 19. Nxd4 cxd4 20. Bxd4 Bxd4+ 21.
Qxd4 Qb6 22. Rfd1 Ba4 23. Qxb6 Rxb6 24. Rd2 Rfb8 25. Ra1 Bb3 26. Ra7 Kf8 27. e5
dxe5 28. Rdd7 exf4 29. gxf4 Be6 30. Rxe7 Rxb2 31. Rec7 R2b4 32. f5 gxf5 33. Bf3
Rb1+ 34. Kf2 R8b2+ 35. Ke3 Rb3+ 36. Kf2 R1b2+ 37. Be2 Rxh3 38. Kf1 Rh1+ 39. Kg2
Re1 40. Ra8+ Kg7 {White resigns} 0-1

[Event "Team 45 45 League T51"]
[Site "Internet Chess Club"]
[Date "2011.12.12"]
[Round "5"]
[White "Stryker672"]
[Black "AmrSobh"]
[Result "1/2-1/2"]
[WhiteElo "1992"]
[BlackElo "2210"]
[Opening "Scotch gambit"]
[ECO "C44"]
[Time "14:05:57"]
[TimeControl "2700+45"]

1. e4 Nc6 2. d4 e5 3. Nf3 exd4 4. Bc4 d6 5. Nxd4 Nf6 6. Nc3 Be7 7. O-O O-O 8.
Bf4 Re8 9. Re1 Ng4 10. h3 Nge5 11. Nxc6 Nxc6 12. Nd5 Bf6 13. c3 Be6 14. Qd2 Ne5
15. Nxf6+ Qxf6 16. Bxe5 dxe5 17. Bxe6 Rxe6 18. Rad1 Rd6 19. Qe3 b6 20. Rd5 c6
21. Rd3 Rxd3 22. Qxd3 Rd8 23. Qc2 Qd6 24. b3 Qd2 25. Re2 Qd1+ 26. Kh2 Kf8 27.
Qxd1 Rxd1 28. Rc2 Re1 29. f3 Ke7 30. Kg3 Rf1 31. Rd2 Rc1 32. c4 a5 33. Rd3 a4
34. bxa4 Rxc4 35. Rb3 Rxa4 36. Rxb6 Kd6 37. Rb7 c5 38. Rxf7 c4 39. Rf8 Kc5 40.
Rc8+ Kd4 41. Rd8+ Ke3 42. Rc8 Kd3 43. Rd8+ Kc2 44. f4 c3 45. fxe5 Rxe4 46. Rd5
Kb2 47. Rb5+ Kxa2 48. Rc5 Kb3 49. Kf3 Re1 50. Kf2 Rd1 51. e6 Rd8 52. Ke3 Rd6 53.
e7 Re6+ 54. Kd3 {Game drawn by mutual agreement} 1/2-1/2

[Event "Team 45 45 League T51"]
[Site "Internet Chess Club"]
[Date "2011.12.12"]
[Round "5"]
[White "AugustoCaruso"]
[Black "Uwak"]
[Result "0-1"]
[WhiteElo "2158"]
[BlackElo "2444"]
[Opening "Richter-Veresov attack"]
[ECO "D01"]
[Time "09:08:42"]
[TimeControl "2700+45"]

1. d4 Nf6 2. Nc3 d5 3. Bg5 c5 4. Bxf6 gxf6 5. e4 dxe4 6. dxc5 Qa5 7. Qh5 Bg7 8.
Bc4 O-O 9. O-O-O Nd7 10. Nxe4 Ne5 11. Bd3 Nxd3+ 12. cxd3 f5 13. Nc3 Be6 14. d4
Bxa2 15. Nge2 Bb3 16. Rd3 Rfc8 17. Qxf5 e6 18. Qh5 Qa1+ 19. Nb1 Ba2 20. Nc3 b6
21. Rg3 Bxb1 22. Rxg7+ Kxg7 23. Nxb1 bxc5 24. d5 Rab8 25. Qg5+ Kf8 26. Qf6 Qa2
27. Rd1 Rb4 28. dxe6 Qxe6 29. Qh8+ Ke7 30. Qxh7 Qe2 31. Nd2 Rd8 32. Qc2 Rd5 33.
h3 Rbd4 34. g4 Qxf2 35. Qc3 Rd3 36. Qa5 c4 37. Qb4+ Ke6 38. Qf8 Rxd2 39. Qh6+ f6
40. Rxd2 Qe1+ 41. Kc2 Qe4+ 42. Kc1 Ra5 43. Rd8 Ra1+ 44. Kd2 c3+ 45. Kxc3 Qc6+
{White resigns} 0-1

[Event "Team 45 45 League T51"]
[Site "Internet Chess Club"]
[Date "2011.12.11"]
[Round "5"]
[White "DARKwizard1"]
[Black "QueensCounselor"]
[Result "1-0"]
[WhiteElo "2168"]
[BlackElo "2119"]
[Opening "Petrov: Cozio (Lasker) attack"]
[ECO "C42"]
[Time "09:01:06"]
[TimeControl "2700+45"]

1. e4 e5 2. Nf3 Nf6 3. Nxe5 d6 4. Nf3 Nxe4 5. Qe2 Qe7 6. Nc3 Nxc3 7. dxc3 Nc6 8.
Bf4 Bg4 9. O-O-O Qxe2 10. Bxe2 Be7 11. h3 Bh5 12. g4 Bg6 13. Rhe1 O-O-O 14. Bb5
Rhe8 15. Nd4 Kd7 16. Nf3 Kc8 17. h4 h5 18. Nd4 Kd7 19. g5 a6 20. Nxc6 bxc6 21.
Bxa6 Ra8 22. Bc4 d5 23. Bb3 Bd6 24. Be3 Ra5 25. Bd4 c5 26. Bxg7 c4 27. Rxe8 Kxe8
28. Bxc4 dxc4 29. a3 Re5 {Black resigns} 1-0

[Event "Team 45 45 League T51"]
[Site "Internet Chess Club"]
[Date "2011.12.10"]
[Round "5"]
[White "PandorasBox"]
[Black "boknoy"]
[Result "0-1"]
[WhiteElo "1915"]
[BlackElo "1922"]
[Opening "English: Caro-Kann defensive system"]
[ECO "A11"]
[Time "16:45:31"]
[TimeControl "2700+45"]

1. c4 c6 2. g3 d5 3. Bg2 Nf6 4. Nf3 Bf5 5. O-O e6 6. d3 Be7 7. Re1 h6 8. Nc3 O-O
9. cxd5 exd5 10. Qb3 Qb6 11. Qxb6 axb6 12. e4 dxe4 13. dxe4 Be6 14. Be3 Nbd7 15.
Nd4 Bc4 16. Nf5 Bb4 17. a3 Bxc3 18. bxc3 Ng4 19. Bd4 f6 20. f4 c5 21. Be3 Nxe3
22. Rxe3 Be6 23. Ne7+ Kf7 24. Nd5 Bxd5 25. exd5 Rfe8 26. Kf2 Rxe3 27. Kxe3 Ke7
28. c4 Kd6 29. Bh3 Ra4 30. Kd3 b5 31. cxb5 Nb6 32. Kc3 Nxd5+ 33. Kb3 Rd4 34. Re1
c4+ 35. Kc2 Kc5 36. Bc8 b6 37. Bd7 Nxf4 38. Re7 Nd5 39. Rxg7 Ne3+ 40. Kc1 c3 41.
Kb1 c2+ 42. Kb2 Rd1 {White resigns} 0-1

[Event "Team 45 45 League T51"]
[Site "Internet Chess Club"]
[Date "2011.12.17"]
[Round "5"]
[White "loudoun"]
[Black "jonesey"]
[Result "1-0"]
[WhiteElo "1647"]
[BlackElo "1907"]
[Opening "King's pawn opening"]
[ECO "B07"]
[Time "11:02:20"]
[TimeControl "2700+45"]

1. e4 d6 2. Nc3 Nf6 3. f4 g6 4. Nf3 Bg7 5. Be2 O-O 6. O-O c5 7. d3 Nc6 8. Qe1
Bd7 9. Qh4 Nd4 10. Bd1 Rc8 11. f5 gxf5 12. Bh6 Kh8 13. Ng5 Ne6 14. Bxg7+ Nxg7
15. Nd5 Nge8 16. Qh6 Kg8 17. Rf3 {Black resigns} 1-0

[Event "Team 45 45 League T51"]
[Site "Internet Chess Club"]
[Date "2011.12.11"]
[Round "5"]
[White "Morovon23"]
[Black "sibirica"]
[Result "1/2-1/2"]
[WhiteElo "2321"]
[BlackElo "2321"]
[Opening "King's Indian: orthodox, Aronin-Taimanov, 9.Ne1"]
[ECO "E98"]
[Time "19:30:34"]
[TimeControl "2700+45"]

1. d4 Nf6 2. Nf3 g6 3. c4 Bg7 4. Nc3 O-O 5. e4 d6 6. Be2 e5 7. O-O Nc6 8. d5 Ne7
9. Ne1 Nd7 10. Nd3 f5 11. f3 f4 12. Bd2 g5 13. g4 h5 14. h3 Rf6 15. Kf2 Rh6 16.
Rh1 Ng6 17. Qg1 Nf6 18. Ke1 c5 19. a3 b6 20. b4 Bd7 21. Rb1 a6 22. bxc5 bxc5 23.
Kf2 Rb8 24. Rxb8 Qxb8 25. Qb1 Qc7 26. Kg2 Bf8 27. Be1 Be7 28. Bf2 Kg7 29. Be1
Qc8 30. Bd2 Qh8 31. Nf2 hxg4 32. hxg4 Rxh1 33. Qxh1 Nh4+ 34. Kf1 Qb8 35. Nh3 Nh7
36. Kf2 Qb3 37. Qa1 Bd8 38. Qa2 Qb8 39. Qb1 Qxb1 40. Nxb1 Ba4 41. Nc3 Bb3 42.
Nd1 Nf8 43. Nb2 Nd7 44. Bd1 Bxd1 45. Nxd1 Kf6 46. Nb2 {Game drawn by mutual
agreement} 1/2-1/2

[Event "Team 45 45 League T51"]
[Site "Internet Chess Club"]
[Date "2011.12.09"]
[Round "5"]
[White "spacecadet"]
[Black "Ptzz"]
[Result "1-0"]
[WhiteElo "2122"]
[BlackElo "2080"]
[Opening "Vienna game"]
[ECO "C28"]
[Time "15:08:33"]
[TimeControl "2700+45"]

1. e4 e5 2. Bc4 Nc6 3. Nc3 Nf6 4. d3 Bb4 5. Ne2 h6 6. O-O O-O 7. a3 Bc5 8. Ng3
d6 9. Na4 Bb6 10. Nxb6 axb6 11. Nh5 Nxh5 12. Qxh5 Be6 13. Bxe6 fxe6 14. Qg4 Rf6
15. Be3 Qe7 16. g3 Raf8 17. f4 Qe8 18. c3 exf4 19. Rxf4 Ne5 20. Qe2 Qb5 21. Rd1
g5 22. Rxf6 Rxf6 23. Bd4 Nf3+ 24. Kg2 Nxd4 25. cxd4 Qa4 26. Rc1 c5 27. dxc5 bxc5
28. e5 Rf5 29. exd6 Qc6+ 30. Qe4 Qxd6 31. Re1 Qd5 32. Qxd5 Rxd5 33. Rxe6 Rxd3
34. Rb6 g4 35. Kf2 Rd7 36. Ke3 Kg7 37. Kf4 Rd2 38. Rxb7+ Kg6 39. Rb6+ Kg7 40.
Kxg4 Rxh2 41. a4 Rd2 42. a5 Rd5 43. a6 c4 44. Kf4 Ra5 45. Ke4 h5 46. Kd4 Rg5 47.
Kxc4 Ra5 48. b4 Ra3 49. b5 Rxg3 50. a7 {Black resigns} 1-0

[Event "Team 45 45 League T51"]
[Site "Internet Chess Club"]
[Date "2011.12.11"]
[Round "5"]
[White "grabuark"]
[Black "Folgers"]
[Result "0-1"]
[WhiteElo "2084"]
[BlackElo "2222"]
[Opening "Scotch gambit: Dubois-Réti defense"]
[ECO "C55"]
[Time "19:00:27"]
[TimeControl "2700+45"]

1. e4 Nc6 2. d4 e5 3. Nf3 exd4 4. Bc4 Nf6 5. e5 d5 6. Bb5 Ne4 7. Nxd4 Bd7 8.
Bxc6 bxc6 9. O-O Bc5 10. Be3 Qe7 11. f3 Nd6 12. Bf2 Nf5 13. Nc3 O-O 14. f4 Bb6
15. Qd2 Nxd4 16. Bxd4 Qb4 17. Bxb6 Qxb6+ 18. Kh1 Qxb2 19. Rab1 Qa3 20. f5 Rfe8
21. Rbe1 Rab8 22. Rf4 Qc5 23. f6 g6 24. Rh4 Qf8 25. Ra4 Rb7 26. Qd4 Ra8 27. Ne4
Bf5 28. Nc5 Rb5 29. Nd3 a5 30. c3 c5 31. Qe3 c4 32. Nf4 Re8 33. Qd2 Be4 34. e6
fxe6 {White resigns} 0-1

[Event "Team 45 45 League T51"]
[Site "Internet Chess Club"]
[Date "2011.12.13"]
[Round "5"]
[White "pluto"]
[Black "lacibacsi"]
[Result "1/2-1/2"]
[WhiteElo "2146"]
[BlackElo "2031"]
[Opening "King's Indian: orthodox, Aronin-Taimanov, 9.Ne1"]
[ECO "E98"]
[Time "16:00:11"]
[TimeControl "2700+45"]

1. d4 Nf6 2. c4 g6 3. Nc3 Bg7 4. e4 d6 5. Nf3 O-O 6. Be2 e5 7. O-O Nc6 8. d5 Ne7
9. Ne1 Nd7 10. Be3 f5 11. f3 f4 12. Bf2 g5 13. a4 Ng6 14. a5 Rf7 15. Nd3 Nf6 16.
c5 Bf8 17. cxd6 Bxd6 18. Nb5 a6 19. Nxd6 cxd6 20. Bb6 Qf8 21. Nf2 h5 22. h3 Rg7
23. Rc1 g4 24. fxg4 Nh4 25. Rc7 hxg4 26. hxg4 Nh5 27. Nh1 Nf6 28. Nf2 Nh5 29.
gxh5 Rxg2+ 30. Kh1 f3 31. Rg1 fxe2 32. Rxg2+ Nxg2 33. Qxe2 Nf4 34. Qf3 Qh6 35.
Be3 Qxh5+ 36. Qxh5 Nxh5 37. Bg5 Ng7 38. Kg2 Ne8 39. Re7 Kf8 40. Rh7 Kg8 41. Re7
Kf8 42. Kg3 Rb8 43. Ng4 b5 44. Nh6 Rb7 45. Rxb7 Bxb7 46. Nf5 Bc8 47. Be7+ Kf7
48. Nxd6+ Nxd6 49. Bxd6 Kf6 50. Bc7 Bd7 51. Kh4 Be8 52. Bd8+ Kg6 53. Kg4 Bd7+
54. Kg3 Kf7 55. Bh4 Kg6 56. Kf3 Kf7 57. Ke3 Bh3 58. Kf3 Bd7 59. Ke3 Bh3 60. Bd8
Bg4 61. Kd3 Bf3 62. Bc7 Kf6 63. d6 Ke6 64. d7 Kxd7 65. Bxe5 Kc6 66. Kd4 Bh5 67.
Bg7 Bf7 68. Bf8 Bg8 69. Be7 Bf7 70. Ke5 Bg8 71. Bb4 Kd7 72. Kf6 Bb3 {Game drawn
by mutual agreement} 1/2-1/2

[Event "Team 45 45 League T51"]
[Site "Internet Chess Club"]
[Date "2011.12.10"]
[Round "5"]
[White "CS-Attila"]
[Black "Pomberito"]
[Result "1/2-1/2"]
[WhiteElo "1956"]
[BlackElo "2078"]
[Opening "Catalan opening"]
[ECO "E00"]
[Time "16:32:07"]
[TimeControl "2700+45"]

1. d4 Nf6 2. c4 e6 3. g3 e5 4. dxe5 Ng4 5. Nf3 Bc5 6. e3 Nc6 7. Bg2 Ngxe5 8.
Nxe5 Nxe5 9. O-O Qe7 10. b3 a5 11. Nc3 c6 12. Ne4 d6 13. Nxc5 dxc5 14. h3 Bf5
15. e4 Rd8 16. Qe2 Bc8 17. Bb2 O-O 18. Rad1 Ng6 19. f4 f6 20. h4 Rfe8 21. h5 Nf8
22. Bc3 Ne6 23. Qb2 Rxd1 24. Rxd1 Rd8 25. Rxd8+ Qxd8 26. Qd2 Qxd2 27. Bxd2 b6
28. Bf3 Nd4 29. Bd1 Be6 30. Kf2 a4 31. Ke3 axb3 32. axb3 b5 33. Kd3 Bh3 34. Bc3
Bf1+ 35. Ke3 bxc4 36. Bxd4 cxd4+ 37. Kxd4 cxb3 38. Bxb3+ Kf8 39. Ba4 h6 40. Bd1
Ke7 41. Bf3 Bb5 42. Kc5 Ba4 43. Kb4 Bc2 44. Kc5 Ba4 45. Bg4 Bc2 46. Bf5 Bd1 47.
g4 Ba4 48. e5 fxe5 49. fxe5 Bb5 50. Kd4 Ba4 {Game drawn by mutual agreement}
1/2-1/2

[Event "Team 45 45 League T51"]
[Site "Internet Chess Club"]
[Date "2011.12.11"]
[Round "5"]
[White "robertoalvarez"]
[Black "LAgenieMP"]
[Result "0-1"]
[WhiteElo "2006"]
[BlackElo "1901"]
[Opening "Caro-Kann: Panov-Botvinnik attack, 5...g6"]
[ECO "B14"]
[Time "16:01:22"]
[TimeControl "2700+45"]

1. e4 d5 2. exd5 Nf6 3. c4 c6 4. d4 cxd5 5. Nc3 g6 6. Nf3 Bg7 7. Be2 Nc6 8. O-O
O-O 9. Re1 Be6 10. c5 Ne4 11. h3 a6 12. Na4 Qc7 13. Be3 f5 14. Nc3 Rad8 15. Bf1
h6 16. Qa4 g5 17. Rad1 g4 18. hxg4 fxg4 19. Nh4 Rf6 20. g3 Nxg3 21. fxg3 Qxg3+
22. Ng2 Rdf8 23. Ne2 Qc7 24. Nef4 Bf7 25. Qb3 e6 26. Qd3 Nb4 27. Qb1 h5 28. a3
Nc6 29. Bd3 h4 30. Ng6 Bxg6 31. Bxg6 h3 32. Bh7+ Kh8 33. Nf4 Rxf4 34. Bxf4 Qxf4
35. Qc2 Bxd4+ 36. Rxd4 Nxd4 37. Qc3 Qf2+ {White resigns} 0-1

[Event "Team 45 45 League T51"]
[Site "Internet Chess Club"]
[Date "2011.12.11"]
[Round "5"]
[White "chiiwen"]
[Black "MaartenKoning"]
[Result "0-1"]
[WhiteElo "2148"]
[BlackElo "2251"]
[Opening "Ruy Lopez: Schliemann defense, Berger variation"]
[ECO "C63"]
[Time "14:30:48"]
[TimeControl "2700+45"]

1. e4 e5 2. Nf3 Nc6 3. Bb5 f5 4. Nc3 fxe4 5. Nxe4 d5 6. Nxe5 dxe4 7. Nxc6 Qg5 8.
Qe2 Nf6 9. f4 Qxf4 10. d4 Qd6 11. Ne5+ c6 12. Bc4 Be6 13. c3 Be7 14. Bg5 O-O 15.
O-O Rae8 16. Rae1 Kh8 17. Bf4 Bxc4 18. Nxc4 Qd5 19. b3 c5 20. Ne3 Qd7 21. Be5
cxd4 22. Bxd4 b6 23. Rd1 Qc7 24. c4 Bc5 25. Qb2 Bxd4 26. Qxd4 Rd8 27. Nd5 Qd6
28. h3 Qg3 29. Qe3 Qxe3+ 30. Nxe3 Rxd1 31. Rxd1 Kg8 32. Rd4 Kf7 33. Ng4 Nxg4 34.
hxg4 Re8 35. Kf2 e3+ 36. Ke2 Re7 37. b4 Kf6 38. a3 Kg5 39. g3 a5 40. b5 g6 41.
a4 Re5 42. Rd6 Re4 43. Rxb6 Rxc4 44. Rb7 Rxa4 45. Rxh7 Rb4 46. Rb7 Kxg4 47. Kxe3
g5 48. b6 Kxg3 49. Ra7 Rxb6 50. Rxa5 Re6+ 51. Kd2 g4 52. Rh5 Kg2 53. Rh4 g3 54.
Rh8 Kg1 55. Rg8 g2 56. Rh8 Re5 57. Rh7 Kf2 58. Rf7+ Kg3 59. Rg7+ Kf3 60. Kd3
Rd5+ {White resigns} 0-1

[Event "Team 45 45 League T51"]
[Site "Internet Chess Club"]
[Date "2011.12.11"]
[Round "5"]
[White "pmcglothin"]
[Black "Campagnolo"]
[Result "1/2-1/2"]
[WhiteElo "1944"]
[BlackElo "2075"]
[Opening "Caro-Kann: closed (Breyer) variation"]
[ECO "B10"]
[Time "07:00:31"]
[TimeControl "2700+45"]

1. e4 c6 2. d3 d5 3. Nd2 g6 4. Ngf3 Bg7 5. Be2 Bg4 6. O-O e6 7. c3 Ne7 8. Ne1
Bxe2 9. Qxe2 O-O 10. f4 Nd7 11. Nef3 Qb6+ 12. Kh1 Rae8 13. e5 c5 14. Nb3 a5 15.
Be3 a4 16. Nc1 Qc7 17. Qc2 Ra8 18. Ne2 Rfc8 19. c4 d4 20. Bg1 Qc6 21. Nd2 Nf5
22. Ne4 h5 23. N2g3 Nxg3+ 24. hxg3 Bf8 25. Qe2 Kg7 26. Ng5 Be7 27. Ne4 Rh8 {Game
drawn by mutual agreement} 1/2-1/2

[Event "Team 45 45 League T51"]
[Site "Internet Chess Club"]
[Date "2011.12.12"]
[Round "5"]
[White "Seaborgium"]
[Black "PhaedrusZen"]
[Result "0-1"]
[WhiteElo "1931"]
[BlackElo "1958"]
[Opening "Grünfeld: Spassky variation, main line, 13.Bd3"]
[ECO "D89"]
[Time "18:18:22"]
[TimeControl "2700+45"]

1. d4 Nf6 2. c4 g6 3. Nc3 d5 4. cxd5 Nxd5 5. e4 Nxc3 6. bxc3 Bg7 7. Bc4 c5 8.
Ne2 Nc6 9. Be3 O-O 10. O-O Bg4 11. f3 Na5 12. Bd3 cxd4 13. cxd4 Be6 14. Qa4 a6
15. Rac1 b5 16. Qc2 Rc8 17. Qd2 Nc4 18. Bxc4 Bxc4 19. Rfd1 Qd6 20. Nc3 Qa3 21.
Nd5 Bxd5 22. exd5 Qd6 23. Rc5 Rc7 24. Rdc1 Rd7 25. Rc6 Qa3 26. R1c5 Rfd8 27. Bf4
h5 28. Be5 Rxd5 29. Rxd5 Rxd5 30. Qh6 Bxh6 31. Rc8+ {White resigns} 0-1

[Event "Team 45 45 League T51"]
[Site "Internet Chess Club"]
[Date "2011.12.12"]
[Round "5"]
[White "eurander"]
[Black "pestka"]
[Result "1/2-1/2"]
[WhiteElo "2181"]
[BlackElo "2336"]
[Opening "Sicilian: Alapin's variation (2.c3)"]
[ECO "B22"]
[Time "16:02:25"]
[TimeControl "2700+45"]

1. e4 c5 2. c3 Nf6 3. e5 Nd5 4. d4 cxd4 5. cxd4 Nc6 6. Nf3 d6 7. Bc4 Nb6 8. Bb5
dxe5 9. Nxe5 Bd7 10. Nxd7 Qxd7 11. Nc3 e6 12. Qg4 h5 13. Qf3 a6 14. Bxc6 Qxc6
15. Qxc6+ bxc6 16. Ke2 Kd7 17. Ne4 Nd5 18. Bd2 Be7 19. Rac1 Rhb8 20. Rc2 a5 21.
Rhc1 a4 22. Rb1 Rb5 23. Rc4 Ba3 24. Nc5+ Bxc5 25. Rxc5 Rab8 26. Rxb5 cxb5 27. b3
axb3 28. Rxb3 Kc6 29. a4 b4 30. Kd3 Ra8 31. Bxb4 Rxa4 32. Bd2 h4 33. Rb8 Ra3+
34. Ke2 f6 35. Rc8+ Kd7 36. Rh8 g5 37. Rh6 Ke7 38. g3 Kf7 39. Rh8 Kg7 40. Re8
Kf7 41. Rh8 Rb3 42. f3 hxg3 43. hxg3 g4 44. fxg4 Rxg3 45. Rh4 Rg2+ 46. Kd3 Kg6
47. Rh6+ Kf7 48. Rh7+ Kg8 49. Rh4 Kg7 50. Bh6+ Kf7 51. Bd2 Rg3+ 52. Ke2 Kg6
{Game drawn by mutual agreement} 1/2-1/2

[Event "Team 45 45 League T51"]
[Site "Internet Chess Club"]
[Date "2011.12.10"]
[Round "5"]
[White "Kolibri"]
[Black "vnchess"]
[Result "1/2-1/2"]
[WhiteElo "1999"]
[BlackElo "2095"]
[Opening "Sicilian: accelerated fianchetto, modern variation"]
[ECO "B34"]
[Time "15:04:55"]
[TimeControl "2700+45"]

1. e4 c5 2. Nf3 g6 3. d4 cxd4 4. Nxd4 Nc6 5. Nc3 Bg7 6. Be3 Nf6 7. Qd2 O-O 8.
Be2 d5 9. exd5 Nxd5 10. Nxd5 Qxd5 11. Bf3 Qc4 12. Be2 Qd5 13. Bf3 Qc4 14. Be2
Qd5 15. Bf3 Qc4 {Game drawn by repetition} 1/2-1/2

[Event "Team 45 45 League T51"]
[Site "Internet Chess Club"]
[Date "2011.12.17"]
[Round "5"]
[White "SlimeDog2"]
[Black "Holzschlange"]
[Result "1-0"]
[WhiteElo "2133"]
[BlackElo "1835"]
[Opening "Dutch: Leningrad, main variation"]
[ECO "A87"]
[Time "17:00:31"]
[TimeControl "2700+45"]

1. d4 f5 2. c4 Nf6 3. Nf3 g6 4. g3 Bg7 5. Bg2 O-O 6. b3 d6 7. Bb2 c6 8. Nbd2 Na6
9. O-O Rb8 10. Re1 Nc7 11. Qc2 Nh5 12. e4 f4 13. d5 c5 14. e5 dxe5 15. Nxe5 e6
16. Ne4 exd5 17. cxd5 Rf5 18. Nxc5 fxg3 19. hxg3 Qd6 20. Ne4 Qb6 21. d6 Bxe5 22.
Bxe5 Rxe5 23. Qxc7 {Black resigns} 1-0

[Event "Team 45 45 League T51"]
[Site "Internet Chess Club"]
[Date "2011.12.10"]
[Round "5"]
[White "Egmont"]
[Black "Kingofknights"]
[Result "1/2-1/2"]
[WhiteElo "1754"]
[BlackElo "1707"]
[Opening "Queen's pawn, Mason variation"]
[ECO "D00"]
[Time "13:00:15"]
[TimeControl "2700+45"]

1. d4 d5 2. Bf4 c6 3. e3 Nf6 4. c3 Bf5 5. Bd3 Bxd3 6. Qxd3 e6 7. Nf3 Nbd7 8. h3
Be7 9. O-O O-O 10. Nbd2 c5 11. e4 dxe4 12. Nxe4 Nxe4 13. Qxe4 cxd4 14. Nxd4 Nc5
15. Qe2 a6 16. Rfd1 Qb6 17. Rd2 Rfd8 18. Rad1 a5 19. Nb5 Rxd2 20. Rxd2 Rd8 21.
Rxd8+ Qxd8 22. Bc7 Qd3 23. Qxd3 Nxd3 24. b3 Bc5 25. Bxa5 Bxf2+ 26. Kf1 Bg3 27.
a4 Nc5 28. Nd4 e5 29. Nf5 Bf4 30. Nd6 e4 31. Nc4 Nxb3 32. Bb6 f5 33. Ke2 Nc1+
34. Kd1 Nd3 35. Ke2 Ne5 36. Na5 Nd7 37. Be3 Bxe3 38. Kxe3 Nc5 39. Kd4 Nxa4 40.
Nxb7 Kf7 41. Nd6+ Ke6 42. Nc4 h5 43. Nd2 Nb6 44. g4 hxg4 45. hxg4 g6 46. gxf5+
gxf5 47. Nxe4 fxe4 {Game drawn by mutual agreement} 1/2-1/2

[Event "Team 45 45 League T51"]
[Site "Internet Chess Club"]
[Date "2011.12.12"]
[Round "5"]
[White "KnightOfCydonia"]
[Black "JWB"]
[Result "0-1"]
[WhiteElo "1675"]
[BlackElo "1657"]
[Opening "Grünfeld: modern exchange variation"]
[ECO "D85"]
[Time "15:00:20"]
[TimeControl "2700+45"]

1. d4 Nf6 2. c4 g6 3. Nc3 d5 4. cxd5 Nxd5 5. e4 Nxc3 6. bxc3 Bg7 7. Nf3 c5 8.
Bb5+ Bd7 9. Bxd7+ Nxd7 10. O-O O-O 11. Qb3 Qc7 12. Rb1 b6 13. Bg5 Rac8 14. Rfe1
cxd4 15. cxd4 e6 16. Rbd1 h6 17. Bh4 a6 18. Be7 Rfe8 19. d5 exd5 20. exd5 Qc4
21. d6 Qxb3 22. axb3 Rc3 23. Re3 Rec8 24. Red3 Rxd3 25. Rxd3 Rc1+ {White
resigns} 0-1

[Event "Team 45 45 League T51"]
[Site "Internet Chess Club"]
[Date "2011.12.11"]
[Round "5"]
[White "moto"]
[Black "BenjaminSisko"]
[Result "0-1"]
[WhiteElo "1354"]
[BlackElo "1457"]
[Opening "Sicilian: Grand Prix attack"]
[ECO "B21"]
[Time "20:02:50"]
[TimeControl "2700+45"]

1. e4 c5 2. f4 g6 3. Nf3 Bg7 4. Bc4 e6 5. d3 d5 6. Bb5+ Bd7 7. Bxd7+ Qxd7 8.
exd5 exd5 9. O-O Ne7 10. Bd2 O-O 11. Nc3 Nbc6 12. Kh1 Rae8 13. Re1 Nf5 14. Rxe8
Rxe8 15. Qf1 Nfd4 16. Nxd4 Nxd4 17. Rc1 b5 18. Nd1 Re2 19. Be3 Rxc2 20. Rxc2
Nxc2 21. Bxc5 Qc7 22. Qf2 Na1 23. d4 Bf8 24. Bxf8 Kxf8 25. Qd2 Qc4 26. Nc3 Qf1#
{White checkmated} 0-1

[Event "Team 45 45 League T51"]
[Site "Internet Chess Club"]
[Date "2011.12.12"]
[Round "5"]
[White "Ayensa80"]
[Black "Portola"]
[Result "0-1"]
[WhiteElo "1678"]
[BlackElo "1763"]
[Opening "French: Tarrasch"]
[ECO "C03"]
[Time "09:45:21"]
[TimeControl "2700+45"]

1. e4 e6 2. d4 d5 3. Nd2 dxe4 4. Nxe4 Be7 5. Bd3 Nd7 6. Nf3 Ngf6 7. O-O O-O 8.
b3 b6 9. Ng3 Bb7 10. Re1 Re8 11. a3 c5 12. Bb2 Qc7 13. Ne5 cxd4 14. Bxd4 Nxe5
15. Bxe5 Qc6 16. Ne4 Nd7 17. Bb2 f5 18. Qf3 Qc7 19. Qg3 Qxg3 20. Nxg3 Bf6 21.
Bxf6 Nxf6 22. f3 g6 23. Re5 Rad8 24. Rae1 Kf7 25. Kf2 a6 26. Nf1 b5 27. a4 Nd7
28. axb5 Nxe5 29. Rxe5 axb5 30. Bxb5 Re7 31. c4 Rd3 32. Ba4 Rc3 33. Re3 Rxe3 34.
Kxe3 e5 35. c5 f4+ 36. Kd2 Ba6 37. Ke1 e4 38. Kf2 e3+ 39. Ke1 Rc7 40. b4 Bc4 41.
c6 Ra7 42. Bd1 Bb5 43. Bb3+ Kg7 {White resigns} 0-1

[Event "Team 45 45 League T51"]
[Site "Internet Chess Club"]
[Date "2011.12.12"]
[Round "5"]
[White "rubo"]
[Black "powerchess1"]
[Result "1-0"]
[WhiteElo "1674"]
[BlackElo "1637"]
[Opening "French: advance, Euwe variation"]
[ECO "C02"]
[Time "18:30:16"]
[TimeControl "2700+45"]

1. e4 e6 2. d4 d5 3. e5 c5 4. c3 Nc6 5. Nf3 Bd7 6. Bd3 Qb6 7. O-O cxd4 8. cxd4
Nxd4 9. Nxd4 Qxd4 10. Nc3 a6 11. Qe2 Ne7 12. Rd1 Nc6 13. Bb5 Qh4 14. Bxc6 Bxc6
15. Be3 Be7 16. Rd4 {Black resigns} 1-0